 Dungeon Crawl Stone Soup version 0.15.2 (webtiles) character file.

53 magipi the Caller (level 3, 0/19 HPs)
             Began as a Tengu Summoner on Apr 16, 2015.
             Killed from afar by Crazy Yiuf (9 damage)
             ... with a wand of frost
             ... on Level 2 of the Dungeon.
             The game lasted 00:08:12 (1978 turns).

magipi the Caller (Tengu Summoner)                  Turns: 1978, Time: 00:08:12

HP   0/19        AC  6     Str  8      XL: 3   Next: 89%
MP   1/7         EV 10     Int 16      God:
Gold 106         SH  0     Dex 14      Spells:  3 memorised,  1 level left

rFire  + . .     SeeInvis .     n - +0 dagger
rCold  . . .     Clarity  .     k - +3 leather armour {rF+}
rNeg   . . .     rCorr    .     (no shield)
rPois  .         rRot     .     (helmet restricted)
rElec  .         Spirit   .     (no cloak)
SustAb .         Warding  .     (no gloves)
rMut   .         Stasis   .     (boots unavailable)
Gourm  .                        (no amulet)
MR     .....                    (no ring)
                                (no ring)

@: not resistant to hostile enchantments, unstealthy
A: beak, talons 3
a: no special abilities


You were on level 2 of the Dungeon.
You were not hungry.

You visited 1 branch of the dungeon, and saw 2 of its levels.

You collected 106 gold pieces.

Inventory:

Hand weapons
 f - a +0 hand axe
 n - a +0 dagger (weapon)
Armour
 k - a +3 leather armour of fire resistance (worn)
Comestibles
 a - a meat ration
 c - 2 bread rations
Scrolls
 e - 2 scrolls of amnesia {unknown}
 g - a scroll of enchant armour {unknown}
 h - 2 scrolls of identify {unknown}
 j - 3 scrolls of remove curse {unknown}
Jewellery
 l - an uncursed amulet of stasis
Potions
 d - 2 potions of heal wounds {unknown}
Books
 b - a book of Callings

   Spells                             Type                      Level
   *Summon Small Mammal               Summoning                    1
   *Call Imp                          Summoning                    2
   *Call Canine Familiar              Summoning                    3
   Summon Guardian Golem              Hexes/Summoning              4
   Summon Lightning Spire             Summoning/Air                4
   Summon Ice Beast                   Ice/Summoning                4


   Skills:
 - Level 2.1 Dodging
 - Level 2.0 Stealth
 + Level 2.7 Spellcasting
 * Level 5.9 Summonings


You had one spell level left.
You knew the following spells:

 Your Spells              Type           Power        Failure   Level  Hunger
a - Summon Small Mammal   Summ           ###.         1%          1    #......
b - Call Imp              Summ           ###.....     2%          2    ##.....
c - Call Canine Familiar  Summ           ###.....     6%          3    ###....


Dungeon Overview and Level Annotations

Branches:
Dungeon (2/15)

Altars:
Makhleb

Annotations:
D:2 Crazy Yiuf


Innate Abilities, Weirdness & Mutations

You have a beak for a mouth.
You have claws for feet.

Vault maps used:
D:1:      minmay_arrival_stair_chambers
D:2:      overflow_temple_1_default, first_bread, uniq_iyjb,
          uniq_crazy_yiuf_cottage


Message History

Casting: Call Canine Familiar
Confirm with . or Enter, or press ? or * to list all spells.
Unknown command.
You completely miss the hobgoblin.
The hobgoblin hits you but does no damage.
You barely miss the hobgoblin. Your kick misses the hobgoblin.
You peck the hobgoblin.
The hobgoblin is heavily wounded.
Your quokka barely misses the hobgoblin.
The hobgoblin closely misses you.
You hit the hobgoblin but do no damage.
The hobgoblin is heavily wounded.
Your quokka bites the hobgoblin.
The hobgoblin dies!
You see here a club.
Magic restored.
An adder comes into view.
Casting: Summon Small Mammal
Confirm with . or Enter, or press ? or * to list all spells.
You swap places.
You swap places.
You swap places.
You swap places.
Your hound closely misses the adder.
You closely miss the adder. Your kick misses the adder.
Your quokka bites the adder.
Your hound bites the adder.
The adder barely misses your hound.
Your quokka closely misses the adder.
Your hound misses the adder.
Unknown command.
You hit the adder. You peck the adder, but do no damage.
The adder is severely wounded.
The adder bites you but does no damage.
Your hound bites the adder.
Your quokka misses the adder. The adder bites you but does no damage.
You hit the adder.
You kill the adder!
You swap places.
You see here an adder corpse.
Your quokka disappears in a puff of smoke!
You start butchering the adder corpse.
You continue butchering the corpse.
You continue butchering the corpse. x2
You finish butchering the adder corpse.
i - a chunk of adder flesh Eat a chunk of adder flesh? (ye/n/q/i?) This raw flesh tastes terrible.
You continue eating. x2
Magic restored.
You open the door.
Crazy Yiuf the Enlightened comes into view.
He is wielding a quarterstaff of chaos.
Crazy Yiuf shouts!
Found a hammer.
You swap places.
Crazy Yiuf zaps a wand.
The puff of frost hits your hound. What do you say? t - Shout!
Orders for allies: a - Attack new target. r - Retreat! s - Stop attacking. w - Wait here. f - Follow me.
Anything else - Stay silent.
Gang up on whom?
Press: ? - help, Dir - move target cursor, f - Crazy Yiuf
Aim: Crazy Yiuf, wielding a quarterstaff of chaos, wearing a glowing cloak and carrying a wand of frost {zapped: 1} Attack!
Your hound bites Crazy Yiuf.
Casting: Call Canine Familiar
Confirm with . or Enter, or press ? or * to list all spells.
A shadowy apparition takes form in the air.
Your shadow imp says, "I'm here!"
Unknown command.
Crazy Yiuf hits your shadow imp with a quarterstaff of chaos.
Your shadow imp convulses!
Your shadow imp dies!
Crazy Yiuf zaps a wand.
The puff of frost hits you!
Ouch! That really hurt!
Crazy Yiuf zaps a wand.
The puff of frost hits you!
Casting: Call Imp
Confirm with . or Enter, or press ? or * to list all spells.
A beastly little devil appears in a puff of flame.
You swap places.
Crazy Yiuf grits, "Blight hand foot!"
Crazy Yiuf hits your crimson imp with a quarterstaff of chaos!
Your crimson imp seems to slow down.
Your crimson imp hits Crazy Yiuf.
Crazy Yiuf zaps a wand.
The puff of frost hits your crimson imp.
Your crimson imp is frozen!
Your crimson imp hits Crazy Yiuf but does no damage.
Crazy Yiuf hits your crimson imp with a quarterstaff of chaos!
Your crimson imp dies!
Casting: Call Imp
Confirm with . or Enter, or press ? or * to list all spells.
Crazy Yiuf zaps a wand.
The puff of frost hits your hound.
Crazy Yiuf glowers.
Crazy Yiuf zaps a wand.
The puff of frost hits your hound.
Your hound dies!
Your hound's corpse disappears in a puff of smoke!
Crazy Yiuf yells, "Liver dark seventy!"
Casting: Call Canine Familiar
Confirm with . or Enter, or press ? or * to list all spells.
A beastly little devil appears in a puff of flame.
Crazy Yiuf zaps a wand.
The puff of frost hits you!
You die...

#### #.......# #
#.......# # #.......#
# #.......#
#########.......#
........'.......#
#########.......# .#
#......5############
.#
#.......@......g...##
.#
#.################..#
.# #.# ##.# .# #.#
#.## .# #.# #..# .#
#.# ##.# ## #.# #.##
# #.# #.g# # #.#
##.##


You could see Crazy Yiuf and a friendly crimson imp.

Table legend:
 A = Kills in this place as a percentage of kills in entire the game.
 B = Kills by you in this place as a percentage of kills by you in the entire game.
 C = Kills by friends in this place as a percentage of kills by friends in the entire game.
 D = Other kills in this place as a percentage of other kills in the entire game.
 E = Experience gained in this place as a percentage of experience gained in the entire game.
 F = Experience gained in this place divided by the number of levels of this place that you have seen.
                   A       B       C       D       E      F
               +-------+-------+-------+-------+-------+----------------------
         Total | 100.0 | 100.0 | 100.0 |  -nan | 100.0 |  38.5
       Dungeon | 100.0 | 100.0 | 100.0 |  -nan | 100.0 |  38.5
               +-------+-------+-------+-------+-------+----------------------

Vanquished Creatures
  An adder (D:2)
  A giant gecko (D:1)
  A goblin (D:2)
  A hobgoblin (D:1)
  6 bats
  2 giant newts
  5 rats
17 creatures vanquished.

Vanquished Creatures (collateral kills)
  Ijyb (D:2)
  An adder (D:2)
  3 giant geckos
  An ooze (D:2)
  A bat (D:2)
  A giant cockroach (D:2)
  4 hobgoblins
  A giant newt (D:2)
  6 jackals
  2 kobolds (D:2)
21 creatures vanquished.

Vanquished Creatures (others)
  A crimson imp (D:2)
  A hound (D:2)
  A shadow imp (D:2)
  4 rats (D:2)
7 creatures vanquished.

Grand Total: 45 creatures vanquished

Notes
Turn   | Place    | Note
--------------------------------------------------------------
     0 | D:1      | magipi, the Tengu Summoner, began the quest for the Orb.
     0 | D:1      | Reached XP level 1. HP: 10/10 MP: 3/3
   202 | D:1      | Reached skill level 5 in Summonings
   321 | D:1      | Reached XP level 2. HP: 10/15 MP: 5/5
   325 | D:1      | Learned a level 2 spell: Call Imp
   902 | D:2      | Found a burning altar of Makhleb.
   945 | D:2      | Noticed Ijyb
   964 | D:2      | Killed Ijyb
   964 | D:2      | Reached XP level 3. HP: 11/19 MP: 3/7
  1028 | D:2      | Learned a level 3 spell: Call Canine Familiar
  1939 | D:2      | Noticed Crazy Yiuf
  1978 | D:2      | Killed from afar by Crazy Yiuf

Action                   || total
-------------------------++-------
Melee: Hand axe          ||    15
       Unarmed           ||     2
       Dagger            ||    30
 Cast: Summon Small Mamm ||    16
       Call Imp          ||    10
       Call Canine Famil ||     7
 Stab: Sleeping          ||     1
  Eat: Chunk             ||     5

Action                   || total
-------------------------++-------
Melee: Hand axe          ||    15
       Unarmed           ||     2
       Dagger            ||    30
 Cast: Summon Small Mamm ||    16
       Call Imp          ||    10
       Call Canine Famil ||     7
 Stab: Sleeping          ||     1
  Eat: Chunk             ||     5

Action                   || total
-------------------------++-------
Melee: Hand axe          ||    15
       Unarmed           ||     2
       Dagger            ||    30
 Cast: Summon Small Mamm ||    16
       Call Imp          ||    10
       Call Canine Famil ||     7
 Stab: Sleeping          ||     1
  Eat: Chunk             ||     5
